 Dungeon Crawl Stone Soup version 0.20.1-1-g8b1a95d (webtiles) character file.

959 manyhoops the Cleaver (level 7, 0/51 HPs)
             Began as a Minotaur Chaos Knight on Aug 18, 2017.
             Splashed by a jelly's acid (10 damage)
             ... on level 4 of the Dungeon.
             The game lasted 00:07:22 (3921 turns).

manyhoops the Cleaver (Minotaur Chaos Knight)       Turns: 3921, Time: 00:07:23

Health: 0/51       AC: -6    Str: 16    XL:     7   Next: 92%
Magic:  15/15      EV:  9    Int: 11    God:    Xom [*.....]
Gold:   280        SH:  8    Dex: 10    Spells: 6/6 levels left

rFire    . . .     SeeInvis .   c - +0 war axe
rCold    . . .     Gourm    .   r - +0 buckler
rNeg     . . .     Faith    .   g - +0 scale mail
rPois    .         Spirit   .   (helmet restricted)
rElec    .         Reflect  .   q - +0 cloak
rCorr    .         Harm     .   (no gloves)
MR       .....                  i - +0 pair of boots {run}
Stlth    +.........             (no amulet)
Regen    0.2/turn               j - ring of magical power
MPRegen  0.2/turn               a - ring of stealth

@: corroded, quick
A: retaliatory headbutt, horns 2, large bone plates 1, clever 1, deformed body,
frail 1, screaming 1, weak 1, subdued magic 1
a: Renounce Religion


You were on level 4 of the Dungeon.
You worshipped Xom.
You were a special plaything of Xom.
You were not hungry.

You visited 1 branch of the dungeon, and saw 4 of its levels.

You collected 280 gold pieces.

Inventory:

Hand Weapons
 c - a +0 war axe (weapon)
 o - a +2 flail of protection
Armour
 g - a +0 scale mail (worn)
 i - a +0 pair of boots of running (worn)
 q - a +0 cloak (worn)
 r - a +0 buckler (worn)
Jewellery
 a - a ring of stealth (right hand)
 j - a ring of magical power (left hand)
Wands
 m - a wand of flame (25/48)
 p - a wand of flame (16/48)
Scrolls
 f - a scroll of enchant armour
 k - a scroll of recharging
 n - 2 scrolls of remove curse
 v - a scroll of teleportation
Potions
 b - a potion of magic
 d - a potion of curing
 e - a potion of flight
 h - a potion of lignification {unknown}
Comestibles
 l - 3 meat rations
 s - a bread ration
 t - 4 chunks of flesh


   Skills:
 - Level 3.6 Fighting
 + Level 10.5 Axes
 - Level 2.4 Armour
 - Level 1.1 Dodging
 - Level 4.0 Shields


You had 6 spell levels left.
You didn't know any spells.

Dungeon Overview and Level Annotations

Branches:
Dungeon (4/15)             Temple (0/1) D:4

Altars:
Elyvilon
Ru
Sif Muna
Xom
Zin


Innate Abilities, Weirdness & Mutations

You reflexively headbutt those who attack you in melee.
You have a pair of horns on your head.
You are partially covered in large bone plates. (SH +4)
Your mind is acute. (Int +2)
Armour fits poorly on your strangely shaped body.
You are frail. (-10% HP)
You occasionally shout uncontrollably at your foes.
You are weak. (Str -2)
Your spells are a little easier to cast, but a little less powerful.


Message History

You are too injured to fight recklessly!
Unknown command.
You hit the orc priest.
The orc priest is almost dead.
You barely miss the orc. You slash the jelly! The acid corrodes you!
Your hands burn!
The orc hits you but does no damage. The jelly closely misses you.
Unknown command.
You hit the jelly. The acid corrodes you!
Your hands burn!
* * * LOW HITPOINT WARNING * * *
The jelly is almost dead.
You hit the orc priest but do no damage.
You barely miss the orc. You closely miss the orc.
The orc priest closely misses you. The orc hits you with a hand axe.
* * * LOW HITPOINT WARNING * * *
The jelly hits you.
* * * LOW HITPOINT WARNING * * *
The acid corrodes you!
You are splashed with acid!
The acid burns!
You die...
Xom giggles madly!

#............#####.#.
.........#..........o
#...#.#......#.....o. .
#...#.#..........<. ..
.........#...#o.. ....
#...#.#..#.#.#o###?....#
#...###..#..............
#...###..###.#.###......
#........# #...o@o.....#
................oJ......
...............#.###...#
#############..#.# ..# #
#..#.# # # #..#.#
####### #..... .......
#.##.# .......


You could see a jelly, an orc priest and 2 orcs.

Vanquished Creatures
  An ogre (D:4)
  A centaur (D:3)
  A big kobold (D:3)
  2 scorpions (D:4)
  A scorpion (shapeshifter) (D:2)
  2 orc priests (D:3)
  Crazy Yiuf (D:2)
  A hound (D:4)
  4 orc wizards
  Terence (D:2)
  Natasha (twice) (D:2)
  3 worker ants (D:4)
  A gnoll (D:3)
  5 adders
  2 dart slugs
  13 orcs
  3 ball pythons
  3 giant cockroaches
  5 goblins
  12 hobgoblins
  3 jackals
  49 kobolds
  A quokka (D:2)
  9 bats
  8 frilled lizards
  7 rats
  2 fungi (D:2)
143 creatures vanquished.

Vanquished Creatures (others)
  A ball lightning (D:3)
1 creature vanquished.

Grand Total: 144 creatures vanquished

Notes
Turn   | Place    | Note
-------+----------+-------------------------------------------
     0 | D:1      | manyhoops the Minotaur Chaos Knight began the quest for the Orb.
     0 | D:1      | Reached XP level 1. HP: 19/19 MP: 0/0
    61 | D:1      | Reached skill level 4 in Axes
    79 | D:1      | Reached XP level 2. HP: 16/26 MP: 1/1
   134 | D:1      | XOM: silly message
   205 | D:1      | XOM: enchant monster (bad)
   375 | D:1      | Identified a +0 pair of boots of running (You found it on level 1 of the Dungeon)
   565 | D:1      | XOM: give mutation
   565 | D:1      | Gained mutation: Your mind is acute. (Int +2) [Xom's grace]
   574 | D:2      | Reached skill level 5 in Axes
   579 | D:2      | Reached XP level 3. HP: 31/31 MP: 2/2
   828 | D:2      | Noticed Terence
   833 | D:2      | Killed Terence
   833 | D:2      | Reached skill level 6 in Axes
   833 | D:2      | Reached XP level 4. HP: 30/39 MP: 3/3
   841 | D:2      | Noticed Natasha
   847 | D:2      | Killed Natasha
  1057 | D:2      | Found a deep blue altar of Sif Muna.
  1058 | D:2      | Found a white marble altar of Elyvilon.
  1108 | D:2      | Noticed Natasha
  1108 | D:2      | XOM: swap monsters
  1244 | D:2      | XOM: summons 2 hostile demons
  1245 | D:2      | Noticed an ice devil
  1247 | D:2      | Killed Natasha
  1247 | D:2      | Reached skill level 7 in Axes
  1247 | D:2      | Reached XP level 5. HP: 44/45 MP: 4/4
  1517 | D:2      | Found a runed door.
  1521 | D:2      | Noticed Crazy Yiuf
  1527 | D:2      | Killed Crazy Yiuf
  1767 | D:2      | Noticed Natasha
  1774 | D:2      | Natasha changed into Natasha the scorpion
  1774 | D:2      | XOM: polymorph Natasha -> Natasha the scorpion
  1841 | D:2      | Gained mutation: Your spells are a little easier to cast, but a little less powerful. [mutagenic meat]
  1842 | D:2      | Gained mutation: You are partially covered in large bone plates. (SH +4) [mutagenic meat]
  1929 | D:3      | XOM: chaos upgrade
  1933 | D:3      | Noticed a centaur
  1933 | D:3      | a big kobold changed into a centaur
  1933 | D:3      | XOM: 4-stop teleportation journey
  1980 | D:3      | Found a glowing silver altar of Zin.
  1980 | D:3      | Noticed an angel
  1993 | D:3      | XOM: severe Air miscast
  2051 | D:3      | Reached skill level 8 in Axes
  2051 | D:3      | Reached XP level 6. HP: 20/51 MP: 5/5
  2055 | D:3      | XOM: give mutations
  2055 | D:3      | Gained mutation: Armour fits poorly on your strangely shaped body. [Xom's mischief]
  2055 | D:3      | Gained mutation: You occasionally shout uncontrollably at your foes. [Xom's mischief]
  2055 | D:3      | Gained mutation: You are frail. (-10% HP) [Xom's mischief]
  2360 | D:3      | Found a shimmering altar of Xom.
  2473 | D:3      | XOM: severe Ice miscast
  2553 | D:3      | Found a sacrificial altar of Ru.
  2664 | D:3      | XOM: give mutation
  2664 | D:3      | Gained mutation: You are weak. (Str -2) [Xom's mischief]
  2666 | D:3      | XOM: potion effect (brilliance)
  2669 | D:3      | Reached skill level 9 in Axes
  2693 | D:3      | XOM: potion effect (might)
  2698 | D:3      | XOM: confuse monster(s)
  2702 | D:3      | XOM: enchant monster (good)
  2713 | D:3      | Reached XP level 7. HP: 18/51 MP: 6/6
  3008 | D:3      | XOM: god gift: 18 stones
  3147 | D:3      | Reached skill level 1 in Shields
  3154 | D:3      | XOM: polymorph kobold -> ball python
  3160 | D:3      | XOM: cleaving
  3361 | D:4      | XOM: harmless Chrm miscast
  3481 | D:4      | Got a slimy leather armour
  3492 | D:4      | Identified the +0 leather armour of Unambiguity {-Tele Str+2 SInv} (You found it on level 4 of the Dungeon)
  3534 | D:4      | Found a staircase to the Ecumenical Temple.
  3730 | D:4      | Reached skill level 10 in Axes
  3875 | D:4      | XOM: mild Necr miscast
  3921 | D:4      | Splashed by a jelly's acid

Skill      XL: |  1  2  3  4  5  6  7 |
---------------+----------------------+-----
Axes           | 4 5 6 7 8 9 10 | 10.5
Shields        | 4 |  4.0
Fighting       | |  3.6
Armour         | |  2.4
Dodging        | |  1.1

Action                   |  1- 3 |  4- 6 |  7- 9 || total
-------------------------+-------+-------+-------++-------
Melee: Hand axe          |    85 |    62 |       ||   147
       Headbutt          |     6 |    17 |    17 ||    40
       War axe           |       |    44 |    94 ||   138
       Flail             |       |       |    17 ||    17
  Use: Scroll            |     3 |     3 |     2 ||     8
       Potion            |       |     2 |       ||     2
 Stab: Petrified         |     1 |       |       ||     1
       Paralysed         |       |     1 |       ||     1
  Eat: Chunk             |       |     3 |     2 ||     5
       Bread ration      |       |     1 |       ||     1
       Royal jelly       |       |       |     1 ||     1
Armor: Leather armour    |    17 |       |       ||    17
       Scale mail        |    34 |    34 |    30 ||    98
Dodge: Dodged            |    45 |    56 |    44 ||   145
Block: Other             |       |    16 |    10 ||    26
       Buckler           |       |       |    10 ||    10
